 Dungeon Crawl Stone Soup version 0.31-a0-532-g28f74ba3e5 (webtiles) character file.

Game seed: 16154678190470235511

15946 avis the Fighter (level 12, 0/192 HPs)
             Began as a Troll Shapeshifter on Aug 11, 2023.
             Was an Initiate of Gozag.
             Succumbed to a black mamba's poison
             ... on level 1 of the Lair of Beasts on Aug 12, 2023.
             The game lasted 01:05:01 (12581 turns).

avis the Fighter (Troll Shapeshifter)              Turns: 12581, Time: 01:05:02

Health: 0/192      AC: 26    Str: 30    XL:     12   Next: 5%
Magic:  11/11      EV:  1    Int: 10    God:    Gozag
Gold:   1551       SH:  0    Dex: 10    Spells: 11/11 levels left

rFire   . .          .
                       - Unarmed
rCold   . . .        (no shield)
rNeg    . . .        U - melded +0 acid dragon scales
rPois   +            (helmet currently unavailable)
rElec   .            o - melded +0 cloak {Stlth+}
rCorr   .            (gloves unavailable)
SInv    .            (boots unavailable)
Will    .....        (no amulet)
Stlth   +            q - +6 ring of intelligence
HPRegen 1.32/turn    (no ring)
MPRegen 0.12/turn

%: no passive effects
@: lethally poisoned (0 -> -4), tree-form, gold aura
A: stationary, stasis, torment immunity, boosted hp, large, unfitting armour,
(claws 3), regeneration 1, (shaggy fur 1), (tough skin 1)
a: Renounce Religion, Potion Petition, Call Merchant, Bribe Branch


You were on level 1 of the Lair of Beasts.
You worshipped Gozag.
Gozag was most pleased with you.
You were a tree.
You visited 3 branches of the dungeon, and saw 13 of its levels.

You collected 1706 gold pieces.
You paid 155 gold pieces to Gozag.

Inventory:

Hand Weapons
 H - a +0 arbalest
Missiles
 m - 15 javelins (quivered)
 z - 20 poisoned darts
 E - 6 throwing nets
 G - 16 boomerangs
 Q - 8 atropa-tipped darts
Armour
 o - a +0 cloak of stealth (melded)
 U - +0 acid dragon scales (melded)
Jewellery
 q - a +6 ring of intelligence (left branch)
 O - a ring of fire
Talismans
 c - a beast talisman
 d - a flux talisman
Wands
 k - a wand of flame (70)
 y - a wand of paralysis (10)
 W - a wand of light (3)
Scrolls
 a - 4 scrolls of enchant armour {unknown}
 b - a scroll of blinking {unknown}
 f - 7 scrolls of teleportation {unknown}
 g - 2 scrolls of summoning {unknown}
 h - a scroll of fog {unknown}
 i - 2 scrolls of noise {unknown}
 j - 11 scrolls of identify {unknown}
 p - 3 scrolls of immolation {unknown}
 r - 3 scrolls of revelation {unknown}
 t - a scroll of fear {unknown}
 A - 3 scrolls of vulnerability {unknown}
 D - a scroll of poison {unknown}
 P - 2 scrolls of silence {unknown}
 X - 3 scrolls of amnesia {unknown}
Potions
 l - 3 potions of might {unknown}
 s - 2 potions of heal wounds {unknown}
 v - 5 potions of curing {unknown}
 w - 2 potions of lignification
 B - 5 potions of mutation {unknown}
 C - 2 potions of enlightenment {unknown}
 F - 2 potions of berserk rage {unknown}
 J - 3 potions of haste {unknown}
 K - a potion of cancellation {unknown}
 L - a potion of attraction {unknown}
 M - a potion of degeneration {unknown}
 S - 3 potions of invisibility {unknown}
 V - a potion of experience {unknown}
 Z - 3 potions of brilliance {unknown}


   Skills:
 * Level 10.6 Fighting
 - Level 2.0 Armour
 + Level 7.5 Dodging
 + Level 9.4 Unarmed Combat
 + Level 8.0 Shapeshifting


You had 11 spell levels left.
You didn't know any spells.
Your spell library contained the following spells:

 Spells                   Type           Power      Damage    Failure   Level
 Magic Dart               Conj           0%         1d3       36%         1
 Necrotise                Necr           0%         1d4       36%         1
 Sandblast                Erth           0%         2d4       36%         1
 Shock                    Conj/Air       0%         1d3       36%         1
 Summon Small Mammal      Summ           0%         N/A       36%         1
 Lesser Beckoning         Tloc           0%         N/A       50%         2
 Passwall                 Tmut/Erth      0%         N/A       50%         2
 Searing Ray              Conj           0%         2d4       50%         2
 Call Canine Familiar     Summ           0%         N/A       75%         3
 Gell's Gravitas          Tloc           0%         N/A       75%         3
 Portal Projectile        Hex/Tloc       0%         N/A       75%         3
 Stone Arrow              Conj/Erth      0%         3d7       75%         3
 Summon Guardian Golem    Hex/Summ       0%         N/A       75%         3
 Swiftness                Air            0%         N/A       75%         3
 Teleport Other           Tloc           0%         N/A       75%         3
 Vampiric Draining        Necr           0%         2d6       75%         3
 Airstrike                Air            0%         2d(0-16)  98%         4
 Fulminant Prism          Conj/Hex       0%         3d5       98%         4
 Leda's Liquefaction      Hex/Erth       0%         N/A       98%         4
 Agony                    Necr           0%         N/A       100%        5
 Malign Gateway           Summ/Tloc      0%         N/A       100%        7
 Summon Horrible Things   Summ           0%         N/A       100%        8


Dungeon Overview and Level Annotations

Branches:
Dungeon (10/15)            Temple (1/1) D:6            Lair (2/5) D:9
  Swamp: Lair:2-3    Shoals: Lair:2-3     Snake: Lair:2-3    Spider: Lair:2-3
    Orc: D:9-12

Altars:
Ashenzari
Cheibriados
Dithmenos
Elyvilon
Fedhas
Gozag
Hepliaklqana
Kikubaaqudgha
Makhleb
Nemelex Xobeh
Okawaru
Qazlal
Ru
Sif Muna
Trog
Uskayaw
Vehumet
Wu Jian
Xom
Yredelemnul
Zin
The Shining One

Shops:
D:6 *   D:8 ?

Annotations:
D:7 2 transporters, riellis1's ghost, novice DgCj


Innate Abilities, Weirdness & Mutations

You are a tree.
Your roots penetrate the ground, keeping you stationary.
You cannot be teleported.
You are immune to unholy pain and torment.
Your maximum health is greatly increased.
Your equipment is partially melded.
You are too large for most types of armour.
((You have claws for hands.))
Your natural rate of healing is unusually fast.
((You are covered in fur. (AC +1)))
((You have tough skin. (AC +1)))


Message History

The black mamba is heavily wounded.
You feel very sick. The black mamba bites you.
* * * LOW HITPOINT WARNING * * *
You scratch the black mamba but do no damage.
The black mamba glows dangerously bright.
The black mamba is heavily wounded.
You feel sick. The black mamba bites you!
* * * LOW HITPOINT WARNING * * *
The blink frog blinks!
The black mamba bites you.
* * * LOW HITPOINT WARNING * * *
You are lethally poisoned!
The black mamba poisons you!
You claw the black mamba!
The black mamba shudders as magic cascades through it!!
You kill the black mamba!
* * * LOW HITPOINT WARNING * * *
You feel very sick.
The blink frog blinks!
Your transformation has ended.
You turn into a tree.
Your +0 cloak of stealth melds into your body.
Your +0 acid dragon scales melds into your body.
You feel less stealthy.
Your roots penetrate the ground.
* * * LOW HITPOINT WARNING * * *
You feel very sick. The wolf bites you.
* * * LOW HITPOINT WARNING * * *
The wolf bites you but does no damage.
You hit the wolf.
The wolf is lightly wounded.
* * * LOW HITPOINT WARNING * * *
You feel very sick. The wolf completely misses you.
Okay, then.
Okay, then.
You hit the wolf.
The wolf is moderately wounded.
You die...
Your body crumbles into a pile of gold.

### ###.######### #### ###
#...........# #P.###.########
##.....)....# #........##....
#...........## #........##....
##...........## #........##....
##.........>'.####^........#....
#...........#.h♣...§............
##........).######F.......#.....
#...........# ##P.####.##....
#####.P##P### #..# #######.
#..#### #..# #. ##..# ##.## ##
#####.##### #..#### ###
#.#.....#.# ###.##.## ###.'
##.#..#..#.####.......# ##...#


You could see a blink frog and a wolf.

Vanquished Creatures
  Harold (D:9)
  Erica (D:10)
  4 two-headed ogres
  A boulder beetle (Lair:1)
  An obsidian statue (D:10)
  Pikel (D:5)
  An ice statue (D:10)
  A black mamba (Lair:1)
  A komodo dragon (Lair:1)
  Maggie (D:8)
  2 trolls (D:9)
  3 blink frogs (Lair:1)
  A hornet (Lair:1)
  3 wyverns
  8 yaks
  A vampire (D:10)
  A steam dragon (D:7)
  4 vampire mosquitoes
  2 water moccasins
  7 orc warriors
  A sky beast (D:7)
  2 black bears
  6 wolves
  2 ogres
  2 centaurs
  2 phantoms (D:5)
  A lemure (D:5)
  3 kobold brigands
  5 bullfrogs
  3 gnoll sergeants
  4 scorpions
  14 wights
  17 killer bees
  A howler monkey (D:7)
  5 electric eels
  2 gnoll boudas
  4 jellies
  5 orc priests
  9 hounds
  5 iguanas
  Crazy Yiuf (D:2)
  3 sleepcaps
  10 orc wizards
  15 gnolls
  13 adders
  2 shadow imps (D:6)
  A white imp (D:4)
  An ufetubus (D:6)
  A worm (D:2)
  3 dart slugs
  52 orcs
  8 ball pythons
  5 endoplasms
  3 giant cockroaches
  4 hobgoblins
  3 jackals (D:1)
  3 quokkas
  6 bats
  3 frilled lizards
  9 goblins
  14 kobolds
  4 rats (D:1)
302 creatures vanquished.

Notes
Turn   | Place    | Note
-------+----------+-------------------------------------------
     0 | D:1      | avis the Troll Shapeshifter began the quest for the Orb.
     0 | D:1      | Reached XP level 1. HP: 18/18 MP: 0/0
   101 | D:1      | Reached skill level 1 in Fighting
   185 | D:1      | Reached XP level 2. HP: 27/27 MP: 1/1
   872 | D:1      | Reached XP level 3. HP: 30/35 MP: 2/2
  1290 | D:2      | Reached skill level 2 in Fighting
  1363 | D:2      | Found a runed translucent door.
  1364 | D:2      | Noticed Crazy Yiuf
  1371 | D:2      | Killed Crazy Yiuf
  1372 | D:2      | Reached XP level 4. HP: 29/42 MP: 3/3
  1923 | D:2      | Found a faded altar of an unknown god.
  2241 | D:3      | Found a burning altar of Makhleb.
  2243 | D:3      | Found a broken altar of Ashenzari.
  2243 | D:3      | Found a sacrificial altar of Ru.
  2598 | D:3      | Identified the +6 whip of Trauma {drain, rF+ Will+ Int+2}
  2670 | D:3      | Reached XP level 5. HP: 50/50 MP: 4/4
  2900 | D:4      | Reached skill level 3 in Fighting
  3050 | D:4      | Reached XP level 6. HP: 42/61 MP: 5/5
  3230 | D:4      | Found an ancient bone altar of Kikubaaqudgha.
  3447 | D:5      | Entered Level 5 of the Dungeon
  3454 | D:5      | Noticed a wyvern
  3475 | D:4      | Killed a wyvern
  3476 | D:4      | Reached skill level 4 in Fighting
  3476 | D:4      | Reached XP level 7. HP: 8/70 MP: 6/6
  3669 | D:5      | Reached skill level 5 in Unarmed Combat
  3818 | D:5      | Found a glowing silver altar of Zin.
  3869 | D:5      | Reached XP level 8. HP: 79/79 MP: 7/7
  3877 | D:5      | Reached skill level 5 in Fighting
  4353 | D:5      | Reached skill level 5 in Shapeshifting
  4418 | D:5      | Noticed Pikel
  4557 | D:5      | Killed Pikel
  4558 | D:5      | Reached skill level 6 in Fighting
  4660 | D:5      | Reached XP level 9. HP: 85/89 MP: 8/8
  4816 | D:5      | Upgraded the game from 0.31-a0-521-gc7390f8997 to
                  | 0.31-a0-523-g071a6c1ffa
  5024 | D:6      | Found a white marble altar of Elyvilon.
  5042 | D:6      | Found Sab Puen's Fire Supplies.
  5169 | D:6      | Found a staircase to the Ecumenical Temple.
  5178 | Temple   | Entered the Ecumenical Temple
  5653 | D:7      | Found a radiant altar of Vehumet.
  5726 | D:7      | Found a shimmering blue altar of Sif Muna.
  5761 | D:7      | Found a bloodstained altar of Trog.
  5824 | D:7      | Found a shimmering altar of Xom.
  5841 | D:7      | Found a basalt altar of Yredelemnul.
  5883 | D:7      | Found a transporter.
  5959 | D:7      | Reached skill level 7 in Fighting
  5959 | D:7      | Reached skill level 5 in Dodging
  6142 | D:7      | Found a glowing golden altar of the Shining One.
  6382 | D:7      | Noticed riellis1's ghost (novice DgCj)
  6561 | D:7      | Found a transporter.
  6670 | D:7      | Found a shadowy altar of Dithmenos.
  6674 | D:7      | Found a snail-covered altar of Cheibriados.
  6676 | D:7      | Found an ornate altar of the Wu Jian Council.
  6678 | D:7      | Found a stormy altar of Qazlal.
  6679 | D:7      | Found a hazy altar of Hepliaklqana.
  6959 | D:8      | Found a hide-covered altar of Uskayaw.
  7182 | D:8      | Reached XP level 10. HP: 97/104 MP: 9/9
  7182 | D:8      | Noticed Maggie
  7209 | D:8      | Killed Maggie
  7368 | D:8      | Found an iron altar of Okawaru.
  7369 | D:8      | Found an opulent altar of Gozag.
  7388 | D:8      | Became a worshipper of Gozag Ym Sagoz the Greedy
  7402 | D:8      | Reached skill level 8 in Fighting
  7430 | D:8      | Found Nahir's Magic Scroll Shoppe.
  7497 | D:8      | Noticed a two-headed ogre
  7510 | D:8      | Killed a two-headed ogre
  7511 | D:8      | Reached skill level 1 in Armour
  7739 | D:8      | Identified the +0 leather armour of the Carpenter {Str+4}
  8279 | Temple   | Upgraded the game from 0.31-a0-523-g071a6c1ffa to
                  | 0.31-a0-532-g28f74ba3e5
  8467 | D:9      | Noticed Harold
  8579 | D:9      | Killed Harold
  8650 | D:9      | Reached skill level 9 in Fighting
  8667 | D:9      | Reached XP level 11. HP: 19/115 MP: 10/10
  8845 | D:9      | Found a shimmering blue altar of Sif Muna.
  8988 | D:9      | Found a staircase to the Lair.
  9347 | D:9      | Found a glowing golden altar of the Shining One.
  9398 | D:9      | Noticed a two-headed ogre
  9405 | D:9      | Killed a two-headed ogre
  9556 | D:9      | Found a blossoming altar of Fedhas.
  9793 | D:10     | Entered Level 10 of the Dungeon
  9873 | D:10     | Noticed Erica
 10105 | D:10     | Killed Erica
 10114 | D:10     | Noticed a two-headed ogre
 10262 | D:10     | Killed a two-headed ogre
 10476 | D:10     | Reached skill level 10 in Fighting
 10552 | D:10     | Noticed an obsidian statue
 10767 | D:10     | Found a sparkling altar of Nemelex Xobeh.
 10822 | D:10     | Noticed a two-headed ogre
 10827 | D:10     | Killed a two-headed ogre
 11021 | D:10     | Killed an obsidian statue
 11111 | Lair:1   | Entered Level 1 of the Lair of Beasts
 11205 | Lair:1   | Noticed a boulder beetle
 11319 | Lair:1   | Killed a boulder beetle
 12512 | Lair:1   | Reached XP level 12. HP: 75/127 MP: 11/11
 12578 | Lair:1   | HP: 5/127 [poisoned by a black mamba]
 12580 | Lair:1   | HP: 2/192 [poisoned by a black mamba]
 12581 | Lair:1   | Succumbed to a black mamba's poison

Illustrated notes

Levels and vault maps discovered:
D:1:      giann_forest_graveyard, layout_basic
D:2:      layout_loops_corners, basic_ecumenical_altar, uniq_crazy_yiuf_cottage
D:3:      layout_basic, chequers_temple_overflow_statue_of_worship
D:4:      layout_basic, lemuel_crystal_altar
D:5:      cheibrodos_fzero, layout_basic, mainiacjoe_overflow_alcove_4,
          uniq_pikel
D:6:      layout_cave_pools, elyvilon_altar_1, minmay_temple_entry_poolview,
          wad_floor_pattern_untrapped, nicolae_shop_fire_sale
          [nicolae_sub_dead_trees]
D:7:      minmay_angry_zag, layout_basic, lightli_temple_of_fire,
          nicolae_vehumet_radiance, minitemple, gammafunk_ghost_stat_death,
          hangedman_feature_mirror
D:8:      layout_basic, eat_drink_and_be_merry_uskayaw, jmf_multi_god_temple,
          special_room [special_room_orc], serial_shops,
          nicolae_take_the_stairs, serial_curves, eino_curves_03,
          eino_curves_02, eino_curves_04, eino_curves_03,
          ebering_dispersal_statue_hall, st_stairs_5, uniq_maggie
D:9:      layout_loops_ring, lemuel_crystal_altar,
          nicolae_tso_swordbearing_angel, nicolae_sif_muna_little_library,
          erik_lair_island, nicolae_underground_beach, uniq_harold
D:10:     minmay_separated_statues, layout_basic,
          mainiacjoe_overflow_concentric_impassable, uniq_erica
Temple:   ebering_the_none_and_only
Lair:1:   layout_roguey
Lair:2:   statuecave_lemuel, layout_regular_city,
          minmay_shoals_entry_lonely_mermaid, nicolae_spider_entry_tight_spaces

Skill      XL: |  1  2  3  4  5  6  7  8  9 10 11 |
---------------+----------------------------------+-----
Fighting       | 1 2 3 4 6 7 9 10 | 10.6
Dodging        | 2 3 4 5 6 7 |  7.5
Unarmed Combat | 4 5 6 7 8 9 |  9.4
Shapeshifting  | 4 5 6 7 8 |  8.0
Armour         | 2 |  2.0

Action                     |  1- 3 |  4- 6 |  7- 9 | 10-12 || total
---------------------------+-------+-------+-------+-------++-------
  Melee: Unarmed           |    75 |   110 |   249 |   439 ||   873
         Punch             |       |       |     2 |    15 ||    17
   Fire: Orcbow            |       |     4 |       |       ||     4
Ability: Begin Untransform |       |     1 |     1 |       ||     2
  Evoke: Wand              |       |       |       |     6 ||     6
    Use: Potion            |       |       |       |     3 ||     3
   Stab: Distracted        |       |       |       |     1 ||     1
 Armour: Animal skin       |    19 |    36 |     4 |       ||    59
         Robe              |       |       |    36 |     4 ||    40
         Acid dragon scale |       |       |       |   115 ||   115
         Skin              |       |       |       |    46 ||    46
  Dodge: Dodged            |    40 |    51 |   124 |   250 ||   465
   Form: Beast             |       |     1 |     1 |       ||     2
         Flux              |       |       |     1 |     1 ||     2

Table legend: (Time is in decaauts)
 A = Elapsed time spent in this place.
 B = Non-inter-level travel time spent in this place.
 C = Inter-level travel time spent in this place.
 D = Time resting spent in this place.
 E = Time spent auto-exploring this place.
 F = Levels seen in this place.
 G = Mean time per level.
                   A        B        C        D        E       F      G
               +--------+--------+--------+--------+--------+-----+--------+
         Total |  12554 |  10533 |   2021 |   1266 |   5939 |  13 |  965.7 |
       Dungeon |  11364 |   9535 |   1829 |   1059 |   5456 |  10 | 1136.4 |
        Temple |     40 |     31 |      9 |      0 |      0 |   1 |   40.0 |
          Lair |   1149 |    966 |    183 |    206 |    483 |   2 |  574.5 |
               +--------+--------+--------+--------+--------+-----+--------+

Top non-repeatable levels by time:
     D:9: 1555 daAuts
     D:8: 1478 daAuts
     D:7: 1473 daAuts
     D:1: 1214 daAuts
     D:5: 1162 daAuts
  Lair:1: 1129 daAuts
    D:10: 984 daAuts
     D:2: 950 daAuts
     D:6: 940 daAuts
     D:4: 888 daAuts
     D:3: 716 daAuts
  Temple: 40 daAuts
  Lair:2: 19 daAuts
